 Dungeon Crawl Stone Soup version 0.23.0-2-g0fe3ce5 (webtiles) character file.

Game seed: 11223142971215523389

47 xccam the Ruffian (level 3, -2/28 HPs)
             Began as a Draconian Transmuter on Feb 19, 2019.
             Killed from afar by Natasha (10 damage)
             ... with a wand of flame (13)
             ... on level 2 of the Dungeon.
             The game lasted 00:01:40 (1136 turns).

xccam the Ruffian (Draconian Transmuter)            Turns: 1136, Time: 00:01:41

Health: -2/28      AC:  5    Str: 12    XL:     3   Next: 48%
Magic:  5/6        EV: 12    Int: 14    God:
Gold:   130        SH:  0    Dex: 11    Spells: 3/6 levels left

rFire    . . .     SeeInvis .     - Unarmed
rCold    . . .     Gourm    .   (no shield)
rNeg     . . .     Faith    .   (armour unavailable)
rPois    .         Spirit   .   (helmet restricted)
rElec    .         Reflect  .   (no cloak)
rCorr    .         Harm     .   (no gloves)
MR       .....                  (no boots)
Stlth    +.........             (no amulet)
HPRegen  0.09/turn              (no ring)
MPRegen  0.10/turn              (no ring)

@: appendage
A: unfitting armour, horns 2, cold-blooded, AC +5
a: End Transformation


You were on level 2 of the Dungeon.
You were not hungry.
You had grown temporary horns.
You visited 1 branch of the dungeon, and saw 2 of its levels.

You collected 130 gold pieces.

Inventory:

Missiles
 a - 32 arrows
Scrolls
 b - 2 scrolls of identify {unknown}
 d - a scroll of random uselessness {unknown}
 f - a scroll of fog {unknown}
 h - a scroll of magic mapping {unknown}
 j - a scroll of teleportation {unknown}
Potions
 e - a potion of degeneration {unknown}
 g - a potion of heal wounds {unknown}
Comestibles
 c - 4 rations


   Skills:
 - Level 1.1 Fighting
 - Level 1.7 Dodging
 + Level 4.1 Unarmed Combat
 - Level 2.0 Spellcasting
 + Level 2.7 Transmutations


You had 3 spell levels left.
You knew the following spells:

 Your Spells              Type           Power        Failure   Level  Hunger
a - Beastly Appendage     Tmut           #.....       8%          1    ##.....
b - Sticks to Snakes      Tmut           #.......     12%         2    ###....

Your spell library contained the following spells:

 Spells                   Type           Power        Failure   Level  Hunger
 Spider Form              Tmut/Pois      #.........   38%         3    ####...
 Ice Form                 Ice/Tmut       #.......     80%         4    #####..
 Blade Hands              Tmut           #.........   91%         5    ######.


Dungeon Overview and Level Annotations

Branches:
Dungeon (2/15)

Altars:

Annotations:
D:2 Natasha


Innate Abilities, Weirdness & Mutations

Your plain brown scales are hard. (AC +5)
You cannot fit into any form of body armour.
You are cold-blooded and may be slowed by cold attacks.
You have a pair of horns on your head.


Message History

Natasha zaps a wand.
The puff of flame hits you!
Found a scroll labeled ZOLEDAOFIRR.
You are too injured to fight recklessly!
You are too injured to fight recklessly!
You are too injured to fight recklessly!
You hit Natasha but do no damage. Natasha closely misses you.
You hit Natasha but do no damage.
The kobold shouts!
A quokka comes into view.
The kobold throws a stone.
The stone misses you.
The stone closely misses Natasha.
Natasha stares at you and mumbles some strange words.
The magic dart hits you.
* * * LOW HITPOINT WARNING * * *
You barely miss Natasha. Natasha completely misses you.
Unknown command.
You hit Natasha.
Natasha is lightly wounded.
Natasha zaps a wand.
The puff of flame hits you!
You die...

#...###### #######.#
#......[# ###.####..#
.##†...#..# #
.###.###..# #.####.#
#.# #..# #....h.# #.#
#..#
##?.#.@####.###..####
?..>.................
.##...........##..####
#....#.###..........
##.#K#.# #..#######.
#.#.#.. #.......... .
r.### #.######### ##
.. ###


You could see Natasha, a quokka (wandering) and a kobold.

Vanquished Creatures
  An adder (D:2)
  A worm (D:2)
  2 dart slugs (D:1)
  3 giant cockroaches
  3 hobgoblins (D:1)
  2 ball pythons
  5 bats
  4 frilled lizards
  7 goblins
  2 kobolds (D:1)
  3 rats (D:1)
33 creatures vanquished.

Notes
Turn   | Place    | Note
-------+----------+-------------------------------------------
     0 | D:1      | xccam the Draconian Transmuter began the quest for the Orb.
     0 | D:1      | Reached XP level 1. HP: 16/16 MP: 3/3
   145 | D:1      | Reached XP level 2. HP: 20/23 MP: 5/5
   149 | D:1      | Learned a level 2 spell: Sticks to Snakes
   789 | D:2      | Reached XP level 3. HP: 23/28 MP: 6/6
   843 | D:2      | Reached skill level 4 in Unarmed Combat
  1130 | D:2      | Noticed Natasha
  1136 | D:2      | Killed from afar by Natasha

Skill      XL: |  1  2  3 |
---------------+----------+-----
Unarmed Combat | 4 |  4.1
Fighting       | |  1.1
Dodging        | |  1.7
Spellcasting   | |  2.0
Transmutations | |  2.7

Action                   || total
-------------------------++-------
Melee: Unarmed           ||   118
       Tailslap          ||    11
       Punch             ||     1
       Headbutt          ||     1
 Cast: Beastly Appendage ||     2
 Stab: Sleeping          ||     1
  Eat: Chunk             ||     1
Armor: Skin              ||    26
Dodge: Dodged            ||    53
